 Dungeon Crawl Stone Soup version 0.26.1 (webtiles) character file.

Game seed: 16500000761212062958

604 Qrupt the Magician (level 7, 0/40 HPs)
             Began as a Tengu Hedge Wizard on Feb 4, 2021.
             Slain by a ball python (1 damage)
             ... on level 5 of the Dungeon.
             The game lasted 00:12:22 (5960 turns).

Qrupt the Magician (Tengu Hedge Wizard)             Turns: 5960, Time: 00:12:23

Health: 0/40       AC:  3    Str: 16      XL:     7   Next: 42%
Magic:  4/15       EV: 13    Int: 16      God:
Gold:   226        SH:  0    Dex: 12 (14) Spells: 7/15 levels left

rFire    . . .     SeeInvis .   s - +0 flail (venom)
rCold    . . .     Faith    .   (no shield)
rNeg     + . .     Spirit   .   b - +0 robe
rPois    .         Reflect  .   c - +0 hat
rElec    .         Harm     .   (no cloak)
rCorr    .         Rampage  .   f - +0 pair of gloves
Will     .....                  (boots unavailable)
Stlth    ++........             (no amulet)
HPRegen  0.13/turn              e - +6 ring of strength
MPRegen  0.14/turn              q - ring of positive energy

@: no status effects
A: beak, talons 3, able to fly
a: Fly


You were on level 5 of the Dungeon.
You visited 1 branch of the dungeon, and saw 5 of its levels.

You collected 226 gold pieces.

Inventory:

Hand Weapons
 a - a +0 dagger
 s - a +0 flail of venom (weapon)
Missiles
 i - 32 poisoned darts
Armour
 b - a +0 robe (worn)
 c - a +0 hat (worn)
 f - a +0 pair of gloves (worn)
Jewellery
 e - a +6 ring of strength (left hand)
 q - a ring of positive energy (right hand)
Scrolls
 d - 6 scrolls of identify
 g - 4 scrolls of remove curse
 h - a scroll of enchant weapon {unknown}
 j - 2 scrolls of teleportation
 k - a scroll of blinking {unknown}
 m - a scroll of fog {unknown}
 o - a scroll of enchant armour {unknown}
 r - a scroll of random uselessness {unknown}
Potions
 l - 2 potions of lignification {unknown}
 n - a potion of invisibility {unknown}
 t - 2 potions of haste


   Skills:
 + Level 2.9 Fighting
 - Level 4.0 Dodging
 - Level 2.0 Stealth
 + Level 4.8 Spellcasting
 - Level 3.3 Conjurations
 - Level 4.0 Summonings
 - Level 2.0 Translocations


You had 7 spell levels left.
You knew the following spells:

 Your Spells              Type           Power        Failure   Level
a - Magic Dart            Conj           56%          4%          1
b - Call Imp              Summ           16%          4%          2
c - Blink                 Tloc           N/A          11%         2
d - Mephitic Cloud        Conj/Pois/Air  7%           30%         3

Your spell library contained the following spells:

 Spells                   Type           Power        Failure   Level
 Slow                     Hex            3%           24%         2
 Conjure Flame            Conj/Fire      9%           24%         3


Dungeon Overview and Level Annotations

Branches:
Dungeon (4/15)
 Temple: D:4-7

Altars:
Ashenzari


Innate Abilities, Weirdness & Mutations

You have a beak for a mouth.
You have claws for feet.
You can fly continuously.


Message History

The centaur hits your shadow imp with a +0 dagger.
The bullfrog zombie hits your shadow imp.
The centaur hits your shadow imp with a +0 dagger.
Your shadow imp gestures at the centaur.
The centaur struggles to resist.
Your crimson imp barely misses the bullfrog zombie.
Found a red potion.
Casting: Call Imp (safe; 4% risk of failure)
Confirm with . or Enter, or press ? or * to list all spells.
Aiming: Magic Dart (safe; 4% risk of failure)
Press: ? - help, Shift-Dir - straight line, f - ball python
Aim: a ball python (0% to evade)
The magic dart hits the ball python.
The ball python is heavily wounded.
The bullfrog zombie barely misses your shadow imp.
The centaur unwields a +0 dagger.
The centaur wields a +0 shortbow.
The centaur shoots an arrow.
The arrow hits your shadow imp.
Your shadow imp dies!
The ball python bites you.
You die...

##... #..".
.....# ###
.....####(#
......##..#
#.....##
#c$..##
##Z5## #@.#
#.!....S#
#..S.....#
#...####....
... #.....
.. ........
. .....##.
...##


You could see a centaur, a bullfrog zombie, 2 ball pythons and a friendly
crimson imp (summoned).

Vanquished Creatures
  Blork the orc (D:5)
  A bullfrog skeleton (D:4)
  A hound (D:5)
  The ghost of Banto the Scratcher, a weakling FeTm (D:3)
  An orc wizard (D:5)
  A centaur skeleton (D:4)
  2 worker ants
  A hound zombie (D:5)
  A gnoll (D:3)
  6 adders
  An ufetubus (D:5)
  An ooze (D:1)
  2 worms
  3 dart slugs
  3 leopard geckos
  9 orcs
  8 bats
  5 giant cockroaches
  6 goblins
  4 hobgoblins
  A jackal (D:2)
  3 kobolds
  4 quokkas
  A ball python (D:4)
  5 frilled lizards
  2 leopard gecko skeletons (D:4)
  8 rats
82 creatures vanquished.

Vanquished Creatures (collateral kills)
  A scorpion (D:4)
  A howler monkey (D:5)
  3 hounds (D:4)
  An orc wizard (D:5)
  2 orc priests
  Terence (D:3)
  A worker ant (D:5)
  2 gnolls (D:3)
  A worm (D:3)
  3 orcs (D:4)
  A kobold (D:3)
17 creatures vanquished.

Grand Total: 99 creatures vanquished

Notes
Turn   | Place    | Note
-------+----------+-------------------------------------------
     0 | D:1      | Qrupt the Tengu Hedge Wizard began the quest for the Orb.
     0 | D:1      | Reached XP level 1. HP: 10/10 MP: 5/5
   402 | D:1      | Reached XP level 2. HP: 15/15 MP: 4/7
  1073 | D:1      | Reached XP level 3. HP: 17/19 MP: 0/8
  1540 | D:2      | Found a broken altar of Ashenzari.
  1790 | D:2      | Reached XP level 4. HP: 24/24 MP: 7/10
  3339 | D:3      | HP: 1/24 [poisoned by a worker ant]
  3347 | D:3      | Gained mutation: You can fly continuously. [Tengu growth]
  3347 | D:3      | Reached XP level 5. HP: 20/28 MP: 0/11
  3543 | D:3      | Learned a level 2 spell: Call Imp
  3546 | D:3      | Learned a level 2 spell: Blink
  3577 | D:3      | Found a faded altar of an unknown god.
  4054 | D:3      | Noticed Terence
  4066 | D:3      | Killed Terence
  4067 | D:3      | Reached skill level 1 in Translocations
  4206 | D:3      | Found a large runed translucent door.
  4206 | D:3      | Found a large runed translucent door.
  4206 | D:3      | Noticed Banto's ghost (weakling FeTm)
  4351 | D:3      | HP: 1/28 [Banto's ghost (10)]
  4354 | D:3      | Killed Banto's ghost
  4665 | D:4      | Learned a level 3 spell: Mephitic Cloud
  4696 | D:4      | Reached skill level 1 in Fighting
  4696 | D:4      | Reached XP level 6. HP: 29/34 MP: 2/13
  5606 | D:4      | You fall into a shaft and drop 1 floor!
  5606 | D:5      | Entered Level 5 of the Dungeon
  5614 | D:5      | Reached XP level 7. HP: 40/40 MP: 10/14
  5862 | D:5      | Noticed Blork the orc
  5871 | D:5      | HP: 2/40 [Blork the orc/puff of frost (7)]
  5884 | D:5      | Killed Blork the orc
  5884 | D:5      | HP: 2/40 [poisoned by Blork the orc]
  5958 | D:5      | HP: 1/40 [centaur/+0 dagger (5)]
  5960 | D:5      | Slain by a ball python

Illustrated notes

Levels and vault maps discovered:
D:1:      elethiomel_arrival_maze, layout_basic, minmay_misc_feat_rugged,
          palyth_stone_intersect, chequers_avenue
D:2:      minmay_angry_zag, layout_basic, nicolae_ashenzari_panopticon,
          moated_statue
D:3:      layout_basic, chequers_ecumenical_altar_simple_redux,
          ebering_ghost_disaster_area, kennysheep_big_empty_room, uniq_terence
D:4:      layout_loops_ring, nicolae_overflow_crystal_walls
D:5:      layout_layer_cave, nicolae_overflow_hidden_temple,
          minmay_temple_entry_poolview, portal_sewer_entry_b, uniq_blork_the_orc

Skill      XL: |  1  2  3  4  5  6  7 |
---------------+----------------------+-----
Conjurations   | 2 3 |  3.3
Summonings     | 2 3 4 |  4.0
Dodging        | 3 4 |  4.0
Translocations | 1 2 |  2.0
Fighting       | 1 2 |  2.9
Spellcasting   | 4 |  4.8
Stealth        | |  2.0

Action                   |  1- 3 |  4- 6 |  7- 9 || total
-------------------------+-------+-------+-------++-------
Melee: Dagger            |    14 |    55 |       ||    69
       Kick              |     4 |    16 |     2 ||    22
       Peck              |     1 |    10 |     2 ||    13
       Flail             |       |    13 |     9 ||    22
 Cast: Magic Dart        |    50 |   159 |    26 ||   235
       Call Imp          |       |    14 |     8 ||    22
  Use: Potion            |       |     4 |     2 ||     6
       Scroll            |       |       |     3 ||     3
 Stab: Sleeping          |     2 |     2 |       ||     4
Armor: Robe              |     5 |    23 |    12 ||    40
Dodge: Dodged            |    25 |   104 |    42 ||   171
